 Dungeon Crawl Stone Soup version 0.13.2 (webtiles) character file.

1771 sanboga the Shield-Bearer (level 8, -1/67 HPs)
             Began as a Minotaur Fighter on Feb 20, 2017.
             Was a Follower of Okawaru.
             Slain by a human
             ... wielding a +0,+0 scimitar
              (8 damage)
             ... on Level 5 of the Dungeon.
             The game lasted 00:26:05 (4620 turns).

sanboga the Shield-Bearer (Minotaur Fighter)        Turns: 4620, Time: 00:26:05

HP  -1/67        AC 16     Str 20      XL: 8   Next: 56%
MP   2/2         EV  6     Int  5      God: Okawaru [*.....]
Gold 231         SH 22     Dex 13      Spells:  0 memorised,  7 levels left

Res.Fire  : + . .   See Invis. : .   b - +5 orc short sword
Res.Cold  : . . .   Warding    : .   A - +2 chain mail {rC+}
Life Prot.: . . .   Conserve   : .   c - +0 shield
Res.Poison: .       Res.Corr.  : .   (helmet restricted)
Res.Elec. : .       Clarity    : .   q - +0 cloak
Sust.Abil.: . .     Spirit.Shd : .   (no gloves)
Res.Mut.  : .       Stasis     : .   (no boots)
Res.Rott. : .       Flight     : .   (no amulet)
Saprovore : . . .                    r - +3 ring of protection
                                     h - ring of fire

@: slightly resistant to hostile enchantments, extremely unstealthy
A: retaliatory headbutt, horns 2
a: Heroism, Renounce Religion


You were on level 5 of the Dungeon.
You worshipped Okawaru.
Okawaru was aware of your devotion.
You were not hungry.

You visited 1 branch of the dungeon, and saw 5 of its levels.

You collected 211 gold pieces.

Inventory:

Hand weapons
 a - a +0,+0 hand axe (quivered) {=f}
 b - a +5,+5 orcish short sword (weapon)
 p - a +3,+2 quarterstaff of chaos
 t - a +1,+4 dwarven short sword
Armour
 c - a +0 shield (worn)
 q - a +0 cloak (worn)
 A - a +2 chain mail of cold resistance (worn)
Magical devices
 g - a wand of teleportation (8) {unknown}
 B - a wand of draining (6) {unknown}
 C - a wand of fireball (4)
Comestibles
 d - a bread ration
 x - 2 meat rations
 z - 2 pears
Scrolls
 e - 4 scrolls of remove curse
 j - 2 scrolls of identify
 k - a scroll of fog
 u - 2 scrolls of teleportation
 y - a scroll of curse armour {unknown}
Jewellery
 h - a ring of fire (left hand)
 r - a +3 ring of protection (right hand)
 s - an uncursed ring of fire
Potions
 f - a potion of brilliance {unknown}
 i - a potion of restore abilities {unknown}
 l - 3 potions of curing {unknown}
 m - 2 potions of invisibility
 o - a potion of resistance {unknown}
 v - 2 potions of poison {unknown}
 w - a potion of heal wounds {unknown}
Miscellaneous
 n - a plain deck of defence {drawn: 1}


   Skills:
 + Level 4.5 Fighting
 + Level 3.8 Short Blades
 + Level 2.6 Axes
 + Level 0.2 Throwing
 + Level 6.9 Armour
 + Level 6.6 Dodging
 + Level 1.1 Stealth
 + Level 7.3 Shields
 + Level 1.0 Unarmed Combat
 + Level 0.2 Evocations


You had 7 spell levels left.
You didn't know any spells.

Dungeon Overview and Level Annotations

Branches:
Dungeon (5/27)
 Temple: D:4-7

Altars:
Elyvilon
Nemelex Xobeh
Okawaru


Innate Abilities, Weirdness & Mutations

You reflexively headbutt those who attack you in melee.
You have a pair of horns on your head.


Message History

You block the human's attack.
You hit the human. The human blocks your attack.
The human is severely wounded.
You hit the human but do no damage. Your headbutt misses the human.
The human is severely wounded.
The human hits you but does no damage.
A human comes into view. It is wielding a sabre.
You hit the human but do no damage.
The human is severely wounded.
The human hits you but does no damage.
You hit the human. Your headbutt misses the human.
The human is almost dead.
The human hits you with a scimitar.
* * * LOW HITPOINT WARNING * * *
You hit the human but do no damage. Your headbutt misses the human.
The human is almost dead.
You hit the human but do no damage.
The human is almost dead.
The human hits you with a scimitar!
You die...

...# ... ...# ###..# ...## #^#..#
....# ###..# #.#.# .... %.# # ...
..# #@####### #.# #......... ..#
#@@######### #.# ### #).........#
..# #.. #.....####.# #.#
.#.#####.....### #.##
..........)..#.. ...#
##.######))..#.# ...#######.#
#....#.# ...........# #....#.# #
....#############....#.####.##...


You could see 2 humans.

Vanquished Creatures
  3 humans (D:5)
  The ghost of sanboga the Shield-Bearer, an average MiFi (D:4)
  A phantom (D:4)
  A centaur (D:3)
  2 ogres
  Blork the orc (D:5)
  A hound (D:5)
  Crazy Yiuf (D:3)
  A centaur zombie (D:5)
  A big fish (D:2)
  An iguana (D:5)
  4 worker ants
  Terence (D:3)
  5 adders
  A worm (D:4)
  2 oozes
  13 orcs
  17 bats
  8 goblins
  7 hobgoblins
  6 jackals
  A quokka (D:2)
  2 giant cockroaches
  4 giant newts
  5 kobolds
  15 rats
  2 fungi (D:3)
107 creatures vanquished.

Notes
Turn   | Place    | Note
--------------------------------------------------------------
     0 | D:1      | sanboga, the Minotaur Fighter, began the quest for the Orb.
     0 | D:1      | Reached XP level 1. HP: 19/19 MP: 0/0
   201 | D:1      | Reached XP level 2. HP: 26/26 MP: 0/0
   230 | D:1      | Reached skill level 4 in Shields
   400 | D:1      | Found a sparkling altar of Nemelex Xobeh.
   681 | D:1      | Reached skill level 1 in Dodging
   681 | D:1      | Reached XP level 3. HP: 30/33 MP: 1/1
  1255 | D:2      | Found a white marble altar of Elyvilon.
  1500 | D:2      | Reached XP level 4. HP: 36/40 MP: 1/1
  2044 | D:3      | Noticed Terence
  2055 | D:3      | Killed Terence
  2055 | D:3      | Reached XP level 5. HP: 41/46 MP: 1/1
  2435 | D:3      | Noticed Crazy Yiuf
  2447 | D:3      | Killed Crazy Yiuf
  2447 | D:3      | Reached skill level 5 in Shields
  2739 | D:3      | Noticed a centaur
  2751 | D:3      | Killed a centaur
  2751 | D:3      | Reached skill level 1 in Short Blades
  2751 | D:3      | Reached skill level 5 in Armour
  2751 | D:3      | Reached XP level 6. HP: 43/53 MP: 2/2
  2880 | D:4      | Noticed sanboga's ghost (average MiFi)
  2945 | D:4      | Killed sanboga's ghost
  3016 | D:4      | Reached XP level 7. HP: 24/59 MP: 2/2
  3143 | D:4      | Found a sparkling altar of Nemelex Xobeh.
  3143 | D:4      | Found an iron altar of Okawaru.
  3149 | D:4      | Became a worshipper of Warmaster Okawaru
  3194 | D:4      | Reached skill level 6 in Shields
  3873 | D:5      | Entered Level 5 of the Dungeon
  3959 | D:5      | Reached skill level 5 in Dodging
  4145 | D:5      | Reached skill level 1 in Unarmed Combat
  4182 | D:5      | Noticed a human
  4186 | D:5      | Noticed a human
  4209 | D:5      | Killed a human
  4209 | D:5      | Reached skill level 1 in Stealth
  4209 | D:5      | Reached XP level 8. HP: 22/67 MP: 2/2
  4216 | D:5      | Noticed a human
  4220 | D:5      | Killed a human
  4220 | D:5      | Acquired Okawaru's first power
  4247 | D:5      | HP: 3/67 [human/scimitar (2)]
  4249 | D:5      | Killed a human
  4249 | D:5      | Reached skill level 7 in Shields
  4558 | D:5      | Noticed Blork the orc
  4579 | D:5      | Killed Blork the orc
  4620 | D:5      | Slain by a human

Action                   |  1- 3 |  4- 6 |  7- 9 || total
-------------------------+-------+-------+-------++-------
Melee: Hand axe          |    26 |       |       ||    26
       Short sword       |     4 |   199 |   175 ||   378
       Unarmed           |       |       |     9 ||     9
Throw: Hand axe          |     1 |     1 |       ||     2
Evoke: Deck              |       |       |     1 ||     1
       Wand              |       |       |     1 ||     1
  Use: Scroll            |     3 |    15 |     1 ||    19
